cohdb
Replays
Latest Replays
All Replays
Popular Replays
Top Player Replays
Match Explorer
How It Works
Community
CoH3 Stats
Reddit
Sign in to upload your games and track your stats! →
Sign in with Steam
Match 43653090
Unlisted
Match 43653090
Overview
Messages
Build Orders
End
Panzergrenadier Squad
Selects Italian Infantry
Panzerpioneer Squad
250 Light Carrier
Construct Light Support Kompanie
Fire Support Elements
Flakvierling Half-track
Veteran Squad Leaders
Panzerjäger Mechanized Group
Selects Guastatori Squad
Guastatori Squad
Vehicle Survival Package
Combat Half-tracks
Selects Registered Artillery
Construct Panzerarmee Kommand
Emergency Repair Kits
Selects Towed Cannone da 105/28 Field Howitzer
Towed Cannone da 105/28 Field Howitzer
Armored Reserves
熊猫Real tiger
sniper
hogarthw
DaniluK4000
magaserazhev
blobjesus
0
0
Comments
sign in to comment!
No comments posted yet!